 Dungeon Crawl Stone Soup version 0.29.1-1-gd02db6906a (webtiles) character file.

Game seed: 5373710138854765312

42 Snarg the Vexing (level 3, 0/20 HPs)
             Began as a Kobold Arcane Marksman on Oct 4, 2022.
             Succumbed to an adder's poison
             ... on level 1 of the Dungeon.
             The game lasted 00:05:39 (1794 turns).

Snarg the Vexing (Kobold Arcane Marksman)           Turns: 1794, Time: 00:05:39

Health: 0/20       AC:  2    Str:  7    XL:     3   Next: 80%
Magic:  1/4        EV: 15    Int: 14    God:
Gold:   77         SH:  0    Dex: 17    Spells: 3/4 levels left

rFire   . . .      SeeInvis .   a - +0 dagger
rCold   . . .      Faith    .   (no shield)
rNeg    . . .      Spirit   .   c - +0 robe
rPois   .          Reflect  .   (no helmet)
rElec   .          Harm     .   (no cloak)
rCorr   .          Rampage  .   (no gloves)
Will    .....                   (no boots)
Stlth   +++.......              (no amulet)
HPRegen 0.06/turn               (no ring)
MPRegen 0.09/turn               (no ring)

@: lethally poisoned (0 -> -4), hasted, very quick
A: small, no large weapons, nightstalker 3
a: no special abilities


You were on level 1 of the Dungeon.
You visited 1 branch of the dungeon, and saw 2 of its levels.

You collected 77 gold pieces.

Inventory:

Hand Weapons
 a - a +0 dagger (weapon)
 b - a +1 sling
Missiles
 i - 8 stones
 n - 2 boomerangs
Armour
 c - a +0 robe (worn)
 k - a +0 leather armour
Magical Staves
 m - a staff of fire
Scrolls
 d - 4 scrolls of identify {unknown}
 e - a scroll of enchant armour {unknown}
 f - 4 scrolls of teleportation {unknown}
 g - a scroll of noise {unknown}
 h - a scroll of poison
 j - 3 scrolls of brand weapon {unknown}


   Skills:
 + Level 1.5 Fighting
 + Level 0.3 Short Blades
 + Level 3.3 Ranged Weapons
 + Level 2.7 Dodging
 + Level 2.0 Stealth
 - Level 1.1 Spellcasting
 + Level 3.4 Hexes


You had 3 spell levels left.
You knew the following spells:

 Your Spells              Type           Power      Damage    Failure   Level
a - Slow                  Hex            40%        N/A       6%          1

Your spell library contained the following spells:

 Spells                   Type           Power      Damage    Failure   Level
 Inner Flame              Hex/Fire       5%         N/A       36%         3
 Portal Projectile        Hex/Tloc       10%        N/A       36%         3
 Cause Fear               Hex            5%         N/A       54%         4


Dungeon Overview and Level Annotations

Branches:
Dungeon (2/15)

Altars:


Innate Abilities, Weirdness & Mutations

You are small and have problems with some larger weapons.
You are completely attuned to the shadows.


Message History

You climb upwards.
There is a stone staircase leading down here.
Casting: Slow (safe; 6% risk of failure)
Confirm with . or Enter, or press ? or * to list all spells.
Aiming: Slow (safe; 6% risk of failure)
Press: ? - help, Shift-Dir - straight line, f - adder
Aim: an adder (chance to affect: 57%)
The adder seems to slow down.
The adder bites you.
You are poisoned.
The adder poisons you!
a - a +0 dagger (weapon)
You feel sick.
You hit the adder.
The adder is lightly wounded.
You feel sick. The adder bites you.
You miss the adder.
The adder is lightly wounded.
You feel sick. The adder barely misses you.
You hit the adder.
The adder is heavily wounded.
You feel sick.
You are no longer poisoned.
The adder closely misses you.
You hit the adder but do no damage.
The adder is heavily wounded.
The adder bites you.
* * * LOW HITPOINT WARNING * * *
You barely miss the adder.
The adder is heavily wounded.
The adder bites you.
* * * LOW HITPOINT WARNING * * *
It was a potion of haste.
You feel yourself speed up. The adder bites you.
* * * LOW HITPOINT WARNING * * *
You are lethally poisoned!
The adder poisons you!
You aren't carrying any potions.
Sorry, you're not good enough to have a special ability.
You hit the adder.
The adder is severely wounded.
You die...

.### #........# ###.#.###.... .#
#.#####..# #..###....### .# #.#
#..# #.#.#.###.# .# #.# #.##
#.##.## #.# .# ##.#####.####.##.#
##.## .#
#.............##.###...## .#
###..............#.##.....#
.######.......##S#..##.#.##......
###...........##@#..##.#.........
#.###........#.#..##...........
#.#####....#...#..####.#.##.#.#
#.........#.#........#.#.##.#.#
###........#...#.......#.#.##.#.#
......#######.#######..#.#.##.#†#
####..#~~#.......#~~#..#.#.#.....
#..#~#.........#~#..#.#.#.#...
#..##...........##..#.......##


You could see an adder (slow).

Vanquished Creatures
  An adder (D:2)
  A dart slug (D:1)
  2 bats
  2 endoplasms (D:1)
  2 giant cockroaches (D:1)
  4 hobgoblins
  4 jackals (D:1)
  2 kobolds (D:2)
  2 quokkas (D:1)
  A ball python (D:1)
  A frilled lizard (D:1)
  2 goblins (D:2)
  4 rats
28 creatures vanquished.

Notes
Turn   | Place    | Note
-------+----------+-------------------------------------------
     0 | D:1      | Snarg the Kobold Arcane Marksman began the quest for the
                  | Orb.
     0 | D:1      | Reached XP level 1. HP: 12/12 MP: 2/2
   292 | D:1      | Reached skill level 1 in Stealth
   292 | D:1      | Reached XP level 2. HP: 16/16 MP: 3/3
   912 | D:1      | You fall into a shaft and drop 1 floor!
  1069 | D:1      | Reached XP level 3. HP: 19/20 MP: 0/4
  1793 | D:1      | HP: 1/20 [adder (2)]
  1794 | D:1      | Succumbed to an adder's poison

Illustrated notes

Levels and vault maps discovered:
D:1:      psy_arrival_dodecagon, layout_loops_ring, hangedman_decor_push,
          serial_bayou_pond_b, minmay_strange_pillars, serial_park_tiny_pond,
          roderic_lattice_a
D:2:      layout_loops_cross, serial_shops, shop_statue,
          hellmonk_ecumenical_altar_heavens_door

Skill      XL: |  1  2  3 |
---------------+----------+-----
Ranged Weapons | 3 |  3.3
Stealth        | 1 2 |  2.0
Fighting       | |  1.5
Short Blades   | |  0.3
Dodging        | |  2.7
Spellcasting   | |  1.1
Hexes          | |  3.4

Action                   || total
-------------------------++-------
Melee: Dagger            ||    22
       Punch             ||     1
 Fire: Sling             ||    69
 Cast: Slow              ||    25
  Use: Potion            ||     1
 Stab: Sleeping          ||     1
Armor: Robe              ||     8
Dodge: Dodged            ||    76
